AoeStats
← Caronte

Arabia

506389005Analyzed
3v3 RM · 19d ago on Sep 13, 2026· 62m 41s· 6 players
Game mode
Random Map
Map size
Normal (6 player)
Population
200
Speed
Normal
Resources
Standard
Victory
Conquest
Starting age
Dark Age
Ending age
Imperial Age
RankedLock teamsTeams togetherTeam positionsShared explorationLock speedFull tech treeHidden civsTurbo modeCheats
Victory
Defeat
🇨🇳 Japanese · China
942
+14
🇨🇳 Britons · China
921
+14
🇦🇷 Vietnamese · Argentina
874
+16
🇨🇿 Inca · Czechia
899
-15
🇳🇱 Malay · Netherlands
883
-15
🇩🇪 Magyars · Germany
874
-14
Dzahy
2:53 Loom
10:18 Feudal Age
11:23 Double-Bit Axe
11:18 Horse Collar
21:23 Castle Age
20:37 Forging
20:28 Scale Mail Armor
20:18 Arson
19:54 Champi Runner
20:36 Stone Mining
20:36 Gold Mining
20:45 Gold Mining
22:17 Heavy Plow
22:27 Bow Saw
23:12 Stone Shaft Mining
24:12 Gold Shaft Mining
26:41 Wheelbarrow
28:32 Iron Casting
28:12 Chain Mail Armor
29:39 Hand Cart
35:27 Imperial Age
34:30 Squires
33:54 Champi Runner
34:48 Champi Warrior
36:44 Conscription
36:07 Elite Kamayuk
38:23 Blast Furnace
37:53 Plate Mail Armor
43:13 Elite Champi Warrior
46:00 Thumb Ring
47:14 Padded Archer Armor
47:05 Fletching
48:06 Fabric Shields
50:05 Chemistry
50:05 Crop Rotation
50:54 Bodkin Arrow
51:14 Leather Archer Armor
52:14 Ballistics
52:28 Pikeman
57:29 Halberdier
58:22 Bracer
58:53 Ring Archer Armor
Baco
1:21 Loom
13:12 Feudal Age
12:48 Town Watch
12:56 Double-Bit Axe
18:59 Castle Age
18:54 Wheelbarrow
18:28 Gold Mining
19:01 Stone Mining
21:22 Bow Saw
23:29 Hand Cart
29:02 Town Patrol
29:59 Gold Shaft Mining
30:01 Stone Shaft Mining
29:11 Horse Collar
30:00 Caravan
31:24 Husbandry
30:45 Light Cavalry
31:00 Pikeman
31:40 Squires
31:25 Arson
31:01 Man-at-Arms
32:09 Thalassocracy
37:16 Imperial Age
35:08 Long Swordsman
35:10 Elite Skirmisher
35:13 Crossbowman
36:21 Halberdier
36:23 Arbalester
37:09 Thumb Ring
36:26 Cavalier
37:00 Fletching
37:10 Padded Archer Armor
37:21 Forging
37:16 Scale Barding Armor
37:27 Heavy Plow
38:09 Bodkin Arrow
39:25 Conscription
40:17 Siphons
41:13 Chemistry
40:18 Murder Holes
40:34 Masonry
42:48 Iron Casting
42:13 Bracer
42:29 Leather Archer Armor
41:37 Elite Battle Elephant
43:23 Two-Handed Swordsman
47:29 Onager
52:52 Ballistics
52:23 Guard Tower
59:52 Keep
59:37 Bombard Tower
59:29 Clinker Construction
59:29 Careening
JcUp
6:41 Loom
9:48 Feudal Age
17:04 Gold Mining
20:20 Castle Age
19:11 Double-Bit Axe
19:09 Horse Collar
20:09 Fletching
20:21 Padded Archer Armor
20:32 Scale Barding Armor
21:13 Elite Skirmisher
24:42 Bodkin Arrow
25:50 Bloodlines
27:12 Town Watch
26:59 Light Cavalry
28:32 Husbandry
29:45 Wheelbarrow
30:47 Heavy Plow
32:46 Hand Cart
34:12 Ballistics
33:34 Treadmill Crane
34:05 Masonry
35:19 Leather Archer Armor
41:30 Imperial Age
42:19 Thumb Ring
42:00 Hussar
43:19 Conscription
43:28 Bow Saw
44:43 Chain Barding Armor
44:25 Bracer
44:56 Ring Archer Armor
50:42 Caravan
51:27 Murder Holes
52:33 Corvinian Army
53:16 Elite Magyar Huszar
56:23 Onager
61:23 Plate Barding Armor
62:07 Chemistry
伐木人
9:48 Loom
12:15 Feudal Age
12:43 Double-Bit Axe
19:20 Castle Age
20:29 Wheelbarrow
20:43 Horse Collar
25:26 Bow Saw
31:44 Imperial Age
29:36 Hand Cart
32:10 Imperial Age
30:24 Heavy Plow
30:39 Forging
31:39 Scale Mail Armor
31:56 Fortified Wall
31:26 Treadmill Crane
31:58 Stone Mining
31:58 Gold Mining
33:56 Iron Casting
33:36 Masonry
33:24 Arson
33:39 Gold Mining
35:35 Cavalier
36:16 Husbandry
36:23 Scale Barding Armor
36:02 Light Cavalry
38:44 Two-Man Saw
38:29 Gold Shaft Mining
38:19 Chain Barding Armor
38:28 Bloodlines
38:55 Conscription
38:39 Gambesons
38:15 Man-at-Arms
39:08 Long Swordsman
39:26 Elite Samurai
41:13 Kataparuto
42:32 Blast Furnace
41:34 Two-Handed Swordsman
42:16 Squires
42:33 Pikeman
43:30 Chain Mail Armor
44:25 Champion
45:36 Halberdier
46:19 Yasama
48:19 Caravan
48:52 Capped Ram
50:14 Plate Mail Armor
49:35 Fletching
49:45 Padded Archer Armor
52:20 Chemistry
51:41 Ballistics
51:11 Guard Tower
52:25 Chemistry
56:14 Bodkin Arrow
56:35 Leather Archer Armor
62:17 Ring Archer Armor
62:25 Keep
61:56 Siege Engineers
61:46 Murder Holes
63:02 Town Watch
桜汐
10:23 Feudal Age
10:39 Loom
11:55 Double-Bit Axe
14:40 Horse Collar
20:23 Fletching
23:33 Gold Mining
26:27 Castle Age
25:18 Gold Mining
25:21 Stone Mining
26:40 Padded Archer Armor
27:14 Heavy Plow
27:26 Bow Saw
26:39 Crossbowman
27:41 Leather Archer Armor
33:51 Imperial Age
31:59 Leather Archer Armor
31:26 Elite Skirmisher
32:32 Bodkin Arrow
34:10 Wheelbarrow
36:35 Two-Man Saw
36:26 Gold Shaft Mining
36:14 Conscription
38:23 Hand Cart
38:39 Yeomen
40:23 Imperial Skirmisher
42:50 Ring Archer Armor
42:20 Bracer
41:59 Elite Longbowman
43:43 Ballistics
44:23 Chemistry
43:37 Masonry
44:15 Arbalester
44:46 Elite Longbowman
52:17 Warwolf
54:44 Architecture
57:17 Caravan
57:01 Pikeman
58:27 Halberdier
59:08 Squires
58:54 Arson
60:32 Scale Mail Armor
60:42 Forging
Caronte
9:48 Feudal Age
11:27 Wheelbarrow
10:42 Double-Bit Axe
11:00 Horse Collar
18:43 Castle Age
17:09 Stone Mining
17:25 Man-at-Arms
18:59 Crossbowman
19:44 Thumb Ring
22:49 Hand Cart
22:19 Town Watch
26:29 Gold Mining
28:01 Bow Saw
28:03 Padded Archer Armor
27:54 Fletching
34:01 Imperial Age
31:33 Town Patrol
32:11 Leather Archer Armor
32:47 Forging
32:38 Scale Mail Armor
33:20 Caravan
34:27 Ballistics
35:58 Chemistry
35:30 Husbandry
35:40 Bloodlines
36:00 Scale Barding Armor
35:52 Bodkin Arrow
36:50 Paper Money
37:55 Two-Man Saw
37:40 Arbalester
39:54 Bombard Tower
44:13 Bracer
44:44 Ring Archer Armor
44:47 Chatras
49:24 Chain Barding Armor
50:06 Elite Rattan Archer
56:24 Elite Battle Elephant
59:08 Pikeman
59:50 Squires
Connection lost

Rejoining the realm…

Still unreachable

The connection could not be restored.

Session expired

The server has moved on; the page needs a fresh start.